 Dungeon Crawl Stone Soup version 0.20.0-8-g6b59dc7 (webtiles) character file.

137 Chiseanne the Skirmisher (level 5, 14/42 HPs)
             Began as a Demonspawn Wanderer on May 30, 2017.
             Was an Initiate of Makhleb.
             Quit the game on level 3 of the Dungeon.
             The game lasted 00:03:45 (2479 turns).

Chiseanne the Skirmisher (Demonspawn Wanderer)      Turns: 2479, Time: 00:03:46

Health: 14/42      AC:  2    Str: 13    XL:     5   Next: 0%
Magic:  9/9        EV: 13    Int: 13    God:    Makhleb [......]
Gold:   67         SH:  0    Dex: 13    Spells: 10/10 levels left

rFire    . . .     SeeInvis .   a - +2 short sword (speed)
rCold    . . .     Gourm    .   (no shield)
rNeg     . . .     Faith    .   d - +0 robe
rPois    .         Spirit   .   (helmet restricted)
rElec    .         Reflect  .   (no cloak)
rCorr    .         Harm     .   (no gloves)
MR       .....                  (no boots)
Stlth    ++........             (no amulet)
Regen    0.2/turn               (no ring)
MPRegen  0.2/turn               (no ring)

@: no status effects
A: antennae 1, demonic guardian 1, rot immunity
a: Renounce Religion


You were on level 3 of the Dungeon.
You worshipped Makhleb.
Makhleb was noncommittal.
You were not hungry.

You visited 1 branch of the dungeon, and saw 3 of its levels.

You collected 67 gold pieces.

Inventory:

Hand Weapons
 a - a +2 short sword of speed (weapon)
 s - a +2 spear
Missiles
 i - 15 bolts
 j - 8 javelins of penetration (quivered)
 m - 7 needles of confusion
 p - 60 stones
Armour
 d - a +0 robe (worn)
Jewellery
 g - an uncursed ring of ice
Potions
 b - a potion of curing
 c - a potion of haste {unknown}
 e - a potion of invisibility {unknown}
Comestibles
 f - 2 bread rations


   Skills:
 * Level 3.9 Fighting
 * Level 3.0 Dodging
 - Level 1.0 Stealth
 - Level 3.0 Spellcasting
   Level 1.7 Translocations
 * Level 0.6 Invocations
   Level 1.0 Evocations


You had 10 spell levels left.
You didn't know any spells.

Dungeon Overview and Level Annotations

Branches:
Dungeon (3/15)

Altars:
Kikubaaqudgha
Makhleb

Portals:
Sewer: D:3


Innate Abilities, Weirdness & Mutations

You have a pair of small antennae on your head.
A weak demonic guardian rushes to your aid.
You are immune to rotting.


Message History

Gang up on whom?
Press: ? - help, Dir - move target cursor, f - river rat
Aim: a river rat (severely wounded) Attack!
Something bites your white imp.
Your white imp hits the river rat.
The river rat dies!
Makhleb accepts your kill.
You have reached level 5!
Your demonic ancestry asserts itself...
A pair of antennae grows on your head!
The kobold hits your white imp but does no damage.
Something completely misses your white imp.
Your white imp hits the kobold but does no damage.
The kobold closely misses your white imp.
Something barely misses your white imp.
Your white imp disappears in a puff of smoke!
Your white imp hits the kobold but does no damage.
Something bites your white imp.
The kobold hits your white imp with a short sword.
Your white imp dies!
Are you sure you want to abandon this character and quit the game? (Confirm with "yes".)

##...##..### ..##. ...####..##
..## # ..## #...# #.#
#.#######.# #. #.#.....#.# #.
#.#.#.#.#.# . #...#.#...#.####
.. #####.#####.....#### #####..
#...#.#...# #.@..### ∩≈≈≈S..
#.#.#.#.#.# ####...## ≈≈≈≈≈..
#.#.....#.# ###..# rr≈≈g.%
#.#######.###########r##rSr....
....................#.§#†rK....
......†############.....#
.......# .......###.rK......
######## ....... ....g......
.......#######.....


You could see a rat.

Vanquished Creatures
  A vampire bat (D:2)
  2 adders
  An ooze (D:1)
  4 dart slugs (D:1)
  2 leopard geckos
  A bat skeleton (D:2)
  5 bat zombies (D:2)
  2 goblins (D:1)
  4 hobgoblins
  7 jackals
  7 kobolds
  A ball python (D:1)
  7 bats
  3 frilled lizards
  9 rats
56 creatures vanquished.

Vanquished Creatures (collateral kills)
  2 river rats (D:3)
2 creatures vanquished.

Grand Total: 58 creatures vanquished

Notes
Turn   | Place    | Note
-------+----------+-------------------------------------------
     0 | D:1      | Chiseanne the Demonspawn Wanderer began the quest for the Orb.
     0 | D:1      | Chiseanne set off with: a +2 spear, a potion of curing, a potion of lignification, a +0 robe, a bread ration
     0 | D:1      | Reached XP level 1. HP: 16/16 MP: 4/4
   274 | D:1      | Gained mutation: You are immune to rotting. [demonic ancestry]
   274 | D:1      | Reached XP level 2. HP: 14/23 MP: 6/6
   791 | D:1      | Reached XP level 3. HP: 13/29 MP: 7/7
  1854 | D:2      | Gained mutation: A weak demonic guardian rushes to your aid. [demonic ancestry]
  1854 | D:2      | Reached XP level 4. HP: 28/35 MP: 8/8
  1927 | D:2      | Found an ancient bone altar of Kikubaaqudgha.
  2239 | D:3      | Found a burning altar of Makhleb.
  2249 | D:3      | Became a worshipper of Makhleb the Destroyer
  2461 | D:3      | Found a glowing drain.
  2475 | D:3      | Gained mutation: You have a pair of small antennae on your head. [demonic ancestry]
  2475 | D:3      | Reached XP level 5. HP: 14/42 MP: 9/9
  2479 | D:3      | Quit the game

Skill      XL: |  1  2  3  4 |
---------------+-------------+-----
Fighting       | 3 |  3.9
Dodging        | 2 3 |  3.0
Stealth        | |  1.0
Spellcasting   | |  3.0
Translocations | |  1.7
Invocations    | |  0.6
Evocations     | |  1.0

Action                   |  1- 3 |  4- 6 || total
-------------------------+-------+-------++-------
Melee: Spear             |    89 |       ||    89
       Short sword       |    64 |    82 ||   146
  Use: Potion            |     1 |     1 ||     2
       Scroll            |     7 |       ||     7
 Stab: Distracted        |     1 |       ||     1
       Sleeping          |     1 |       ||     1
  Eat: Chunk             |     3 |     2 ||     5
Armor: Robe              |    33 |    20 ||    53
       Skin              |    10 |       ||    10
Dodge: Dodged            |   133 |    68 ||   201
